Map: Old Sun Temple LE

Players

ZergNotFun - Winner!

  • Race: Zerg Zerg
  • League: Diamond

DarthTater

  • Race: Zerg Zerg
  • League: Diamond

VOD

Have the link to the VOD?

Description

Time

  • Played on: Sept. 1, 2026, 1:46 a.m.
  • Length: 49:17
Show
View Real Time Build Order
Export as new Build Order

ZergNotFun Zerg - Winner!

Build Orders: Pool First, Lurkers, Swarm Host 

Get SALT Encoding   

  8  0:01  Drone  
  9  0:11  Drone  
  10  0:17  Drone  
  11  0:22  Drone  
  12  0:40  Extractor  
  12  0:41  Extractor, Drone x2  
  12  0:45  Overlord  
  14  1:04  Drone x2  
  16  1:13  Drone  
  17  1:23  Spawning Pool  
  17  1:24  Drone  
  17  1:34  Drone  
  18  1:43  Hatchery  
  18  1:46  Drone  
  18  1:51  Drone  
  19  2:01  Drone  
  20  2:11  Spine Crawler  
  20  2:12  Spine Crawler  
  20  2:13  Spine Crawler  
  17  2:25  Drone x2  
  19  2:39  Queen, Spine Crawler  
  20  2:44  Overlord  
  20  3:04  Queen  
  25  3:05  Drone x3  
  25  3:07  Drone  
  25  3:09  Drone  
  27  3:22  Queen  
  29  3:29  Drone x3  
  32  3:54  Evolution Chamber  
  29  3:55  Evolution Chamber  
  29  3:58  Evolution Chamber x2  
  29  4:00  Evolution Chamber, Drone x3  
  26  4:10  Drone x3  
  26  4:11  Drone x3  
  26  4:14  Extractor  
  32  4:24  Drone  
  32  4:29  Overlord  
  32  4:46  Extractor  
  31  4:57  Drone x5  
  31  4:58  Drone x3  
  39  5:10  Overlord x2  
  39  5:17  Extractor  
  39  5:18  Extractor  
  37  5:30  Lair  
  37  5:38  Drone  
  37  5:39  Drone x5  
  43  5:44  Spine Crawler  
  43  5:46  Spine Crawler  
  43  5:47  Spine Crawler  
  43  5:48  Spine Crawler  
  39  5:50  Spine Crawler x2  
  39  5:52  Drone x4  
  39  5:53  Drone  
  42  5:59  Pneumatized Carapace  
  42  6:14  Zerg Missile Weapons Level 1  
  42  6:15  Overlord x2  
  42  6:16  Overlord  
  42  6:28  Spore Crawler  
  42  6:30  Spore Crawler  
  42  6:32  Spore Crawler x2  
  39  6:33  Spore Crawler  
  39  6:34  Spore Crawler  
  39  6:35  Spore Crawler, Drone  
  39  6:38  Drone  
  37  6:40  Drone  
  37  6:42  Queen  
  40  6:49  Infestation Pit  
  39  6:55  Nydus Network  
  39  6:57  Overseer  
  38  7:31  Drone x2, Hydralisk Den  
  38  7:32  Swarm Host x5  
  54  7:39  Overseer  
  54  7:43  Swarm Host  
  54  7:44  Swarm Host  
  60  8:00  Nydus Canal  
  60  8:06  Swarm Host x4  
  72  8:37  Nydus Canal  
  72  8:43  Lurker Den  
  72  8:44  Overlord x5  
  71  9:06  Nydus Canal  
  71  9:14  Swarm Host  
  71  9:15  Swarm Host x6  
  92  9:53  Hydralisk x3  
  92  9:54  Hydralisk x2  
  102  10:03  Zerg Missile Weapons Level 2  
  102  10:05  Zerg Ground Armor Level 1  
  102  10:06  Overlord  
  102  10:07  Overlord x2  
  102  10:22  Nydus Canal  
  102  10:37  Nydus Canal  
  99  11:06  Lurker x5  
  99  11:09  Hive  
  104  11:24  Overseer  
  104  11:45  Nydus Canal  
  104  12:10  Zerg Ground Armor Level 2  
  104  12:23  Nydus Canal  
  104  12:52  Spore Crawler x2  
  104  12:54  Spore Crawler  
  104  12:56  Viper x2, Spore Crawler  
  104  12:57  Viper x2, Spore Crawler x2  
  110  13:36  Drone x2  
  112  13:43  Nydus Canal  
  112  13:56  Overlord x4  
  112  13:57  Overlord x2  
  112  14:03  Nydus Canal  
  112  14:24  Nydus Canal  
  91  15:00  Hydralisk x4  
  91  15:01  Hydralisk x5  
  91  15:02  Hydralisk  
  111  15:12  Seismic Spines  
  111  15:29  Lurker x2  
  111  15:30  Lurker x5  
  111  15:32  Lurker  
  111  15:34  Queen x2  
  123  16:23  Lurker x2  
  125  16:26  Zerg Missile Weapons Level 3  
  125  16:27  Zerg Ground Armor Level 3  
  125  16:30  Queen x2  
  129  16:52  Nydus Canal  
  129  17:06  Queen x2  
  129  17:07  Nydus Canal  
  133  17:28  Nydus Canal  
  126  18:52  Viper  
  129  19:00  Spore Crawler  
  129  19:01  Spore Crawler  
  129  19:02  Spore Crawler  
  126  19:14  Spore Crawler  
  126  19:15  Spore Crawler x2  
  123  19:19  Spore Crawler  
  123  19:20  Nydus Canal  
  122  19:42  Hatchery  
  107  20:54  Hatchery  
  106  21:45  Nydus Canal  
  100  22:17  Hatchery  
  99  22:42  Viper  
  98  23:49  Drone x14  
  98  23:50  Drone x12  
  98  23:53  Spore Crawler x2  
  98  23:54  Spore Crawler  
  120  24:02  Drone x9  
  129  24:10  Spore Crawler  
  128  24:31  Spore Crawler x2  
  128  24:32  Spore Crawler  
  128  24:33  Spore Crawler  
  124  24:40  Drone x5  
  124  24:44  Extractor x2  
  126  25:38  Hydralisk  
  128  25:43  Spore Crawler x2  
  128  25:44  Spore Crawler  
  125  26:06  Lurker  
  125  26:07  Hydralisk  
  128  26:27  Hatchery  
  127  26:55  Drone x9  
  127  26:56  Drone x5  
  127  27:01  Spore Crawler  
  140  27:02  Spore Crawler  
  140  27:04  Lurker  
  140  27:26  Viper  
  143  27:36  Extractor  
  142  27:40  Extractor, Drone x2  
  142  27:41  Drone x5  
  142  27:42  Drone x2, Spore Crawler  
  142  27:43  Spore Crawler  
  148  28:00  Nydus Canal  
  140  28:12  Spore Crawler  
  140  28:13  Spore Crawler  
  140  28:14  Spore Crawler  
  140  28:15  Spore Crawler x3  
  140  28:17  Spore Crawler  
  140  28:19  Spore Crawler  
  117  28:46  Drone x18  
  117  28:47  Drone x2  
  134  29:04  Spore Crawler  
  134  29:05  Spore Crawler x2, Drone x7  
  134  29:07  Spore Crawler x3  
  108  29:40  Viper x2  
  108  29:44  Spore Crawler x2  
  112  29:46  Spore Crawler  
  112  29:47  Spore Crawler  
  112  29:48  Spore Crawler x2  
  85  30:07  Viper  
  85  30:12  Drone x7  
  85  30:13  Drone x12  
  107  30:23  Spore Crawler x2  
  107  30:24  Spore Crawler  
  107  30:25  Queen x3, Spore Crawler  
  109  30:34  Drone x2  
  109  30:35  Drone x2  
  113  30:39  Extractor  
  112  30:45  Drone  
  112  30:46  Drone x2  
  115  30:51  Hydralisk x3  
  115  30:55  Drone x3  
  124  31:00  Drone x2  
  124  31:01  Drone x2  
  128  31:04  Overlord  
  128  31:20  Spore Crawler  
  128  31:21  Lurker, Spore Crawler  
  128  31:23  Spore Crawler  
  128  31:24  Spore Crawler  
  128  31:25  Spore Crawler x2  
  119  31:38  Spore Crawler x5  
  119  31:39  Spore Crawler x2  
  107  31:41  Spore Crawler  
  105  31:53  Drone x8  
  111  32:06  Lurker  
  111  32:07  Lurker  
  111  32:08  Drone x4  
  117  32:09  Drone  
  118  32:19  Drone x2  
  118  32:20  Extractor, Drone x2  
  118  32:21  Drone  
  122  32:23  Drone  
  120  32:49  Hydralisk x4  
  128  32:51  Hydralisk x3  
  134  33:00  Spore Crawler  
  134  33:03  Spore Crawler  
  134  33:04  Spore Crawler x2  
  130  33:22  Spore Crawler x2  
  130  33:24  Spore Crawler  
  127  33:28  Lurker x5  
  127  33:31  Lurker  
  133  33:52  Lurker  
  134  34:06  Queen x3  
  134  34:07  Queen  
  142  34:19  Hydralisk x3  
  142  34:20  Overlord x2  
  142  34:21  Overlord x2  
  148  34:45  Viper x2  
  148  34:48  Drone x11  
  165  35:05  Hydralisk x4  
  173  35:16  Spore Crawler  
  173  35:17  Spore Crawler x3  
  173  35:18  Spore Crawler  
  173  35:19  Spore Crawler x3  
  173  35:20  Spore Crawler x2  
  163  35:21  Spore Crawler, Lurker  
  163  35:22  Lurker x2  
  165  35:37  Lurker  
  166  35:49  Lurker  
  167  35:52  Hydralisk x3  
  173  36:10  Lurker x2  
  175  36:24  Lurker  
  175  36:25  Lurker  
  177  36:35  Spore Crawler  
  177  36:36  Spore Crawler  
  177  36:37  Spore Crawler  
  177  36:38  Spore Crawler  
  173  36:48  Lurker  
  174  36:55  Spore Crawler  
  174  36:57  Spore Crawler  
  172  37:06  Spore Crawler x2  
  172  37:07  Spore Crawler  
  169  37:13  Spore Crawler  
  168  37:35  Drone  
  168  37:36  Drone x2  
  171  37:37  Drone x2  
  171  37:39  Drone x3  
  176  37:47  Spine Crawler x2  
  174  37:51  Spine Crawler  
  174  37:52  Spine Crawler  
  172  38:06  Adaptive Talons  
  172  38:31  Spine Crawler  
  172  38:32  Spine Crawler  
  172  38:33  Spine Crawler  
  169  38:34  Spine Crawler x2  
  167  38:43  Spine Crawler  
  167  38:44  Spine Crawler  
  167  38:45  Spine Crawler  
  164  39:01  Spine Crawler  
  163  39:03  Spine Crawler x2  
  161  39:24  Drone x2  
  161  39:25  Drone  
  161  39:27  Spine Crawler  
  160  39:52  Viper x5  
  166  40:33  Viper x3  
  175  40:38  Overlord  
  174  41:34  Hydralisk x3  
  180  42:02  Overseer  
  175  44:37  Nydus Canal  
  148  45:14  Nydus Canal  
  148  45:54  Hatchery  
  100  49:12  Extractor  
Show
View Real Time Build Order
Export as new Build Order

DarthTater Zerg 

Build Orders: Pool First 

Get SALT Encoding   

  8  0:00  Drone  
  9  0:10  Drone  
  10  0:16  Drone  
  11  0:25  Drone  
  12  0:30  Extractor, Drone  
  12  0:41  Overlord  
  12  0:55  Extractor  
  12  0:56  Drone  
  13  1:07  Spawning Pool  
  12  1:15  Drone  
  13  1:19  Drone  
  13  1:24  Drone  
  15  1:52  Hatchery  
  14  1:58  Metabolic Boost  
  14  2:03  Zergling x2  
  14  2:08  Zergling x2  
  16  2:18  Queen  
  18  2:23  Drone  
  18  2:27  Drone  
  20  2:35  Overlord  
  20  2:53  Zergling x2  
  20  2:54  Zergling x4  
  20  2:57  Queen  
  25  3:04  Overlord  
  25  3:09  Zergling x2  
  26  3:16  Zergling x2  
  26  3:17  Zergling x2  
  28  3:24  Drone x2  
  30  3:29  Drone x2  
  32  3:36  Drone x2  
  32  3:56  Drone x4  
  32  3:59  Drone  
  32  4:00  Extractor  
  36  4:07  Drone  
  36  4:08  Drone x3  
  40  4:19  Overlord x2  
  40  4:24  Overlord  
  40  4:31  Lair  
  40  4:47  Drone x3  
  40  4:48  Drone  
  44  4:54  Hatchery  
  44  4:58  Drone x2  
  45  5:02  Drone  
  45  5:06  Spore Crawler  
  45  5:09  Spore Crawler  
  44  5:21  Evolution Chamber  
  44  5:23  Spore Crawler  
  44  5:27  Spore Crawler  
  44  5:28  Spore Crawler  
  40  5:29  Spore Crawler  
  39  5:35  Queen  
  39  5:36  Drone  
  42  5:45  Hydralisk Den, Drone  
  42  5:46  Spore Crawler  
  41  5:52  Zerg Missile Weapons Level 1  
  41  5:56  Drone x2  
  43  5:57  Drone  
  43  6:00  Drone  
  43  6:02  Drone  
  46  6:05  Drone  
  47  6:17  Drone x5  
  47  6:18  Drone  
  53  6:22  Drone  
  54  6:28  Drone x3  
  54  6:32  Muscular Augments  
  57  6:38  Spore Crawler  
  56  6:40  Spore Crawler  
  56  6:43  Drone x3, Extractor  
  56  6:44  Extractor  
  56  6:46  Drone  
  57  6:48  Drone  
  58  6:56  Hydralisk x2, Spore Crawler  
  61  7:06  Hydralisk x3  
  67  7:18  Overlord  
  67  7:19  Overlord x3  
  67  7:31  Drone  
  67  7:33  Evolution Chamber  
  67  7:34  Drone  
  67  7:36  Grooved Spines, Overlord  
  68  7:38  Hydralisk x3  
  68  7:39  Hydralisk  
  76  7:45  Drone  
  76  7:46  Lurker Den  
  76  7:55  Overseer  
  76  7:56  Roach Warren, Hydralisk  
  77  8:01  Zerg Ground Armor Level 1  
  77  8:02  Zerg Missile Weapons Level 2  
  77  8:04  Drone  
  78  8:19  Hydralisk x4  
  80  8:20  Hydralisk  
  84  8:39  Hydralisk x4  
  92  8:57  Overseer  
  92  9:00  Drone x8  
  98  9:11  Hatchery  
  98  9:15  Zergling x6  
  100  9:42  Overlord x3  
  100  9:53  Hydralisk Den  
  100  9:57  Drone  
  100  9:59  Overlord x3  
  100  10:00  Hatchery  
  99  10:13  Drone x7  
  106  10:20  Lair  
  106  10:29  Extractor  
  106  10:30  Extractor  
  93  11:06  Spire  
  92  11:24  Zergling x6  
  92  11:25  Zergling x10  
  100  11:30  Drone  
  100  11:31  Drone x5  
  106  11:44  Extractor  
  105  11:48  Extractor  
  104  11:58  Zergling x12  
  110  12:02  Spawning Pool  
  109  12:17  Mutalisk x5  
  119  12:27  Overseer  
  119  12:32  Hatchery  
  119  12:33  Mutalisk x5  
  125  12:38  Zerg Flyer Weapons Level 1  
  125  12:43  Mutalisk x2  
  129  12:54  Mutalisk  
  129  12:55  Mutalisk x2  
  135  13:03  Hatchery  
  134  13:07  Extractor x2  
  134  13:08  Mutalisk  
  134  13:29  Mutalisk  
  136  13:34  Mutalisk  
  136  13:35  Mutalisk  
  140  13:46  Lair  
  140  13:49  Drone x5  
  140  13:53  Extractor  
  140  13:55  Extractor  
  143  14:35  Mutalisk  
  143  14:36  Mutalisk x3  
  151  15:01  Overlord  
  151  15:02  Overlord x6  
  151  15:11  Hatchery  
  150  15:20  Hatchery  
  149  15:24  Hatchery  
  149  15:28  Overlord x4  
  148  15:32  Spire  
  147  15:39  Hatchery  
  147  15:44  Hydralisk Den  
  147  15:48  Infestation Pit  
  147  15:49  Drone x3, Evolution Chamber x2  
  146  15:50  Drone  
  147  16:09  Spawning Pool  
  147  16:10  Spawning Pool  
  147  16:13  Spire  
  147  16:15  Drone  
  147  16:16  Drone x6  
  154  16:27  Hive  
  154  16:47  Pneumatized Carapace  
  154  16:50  Drone  
  154  16:51  Drone x10  
  157  17:41  Greater Spire  
  157  17:42  Zerg Flyer Armor Level 1  
  153  17:48  Drone  
  153  17:49  Drone x17  
  171  17:54  Corruptor x7  
  185  17:59  Overseer  
  185  18:01  Overseer x3  
  185  18:09  Zerg Ground Armor Level 2  
  185  18:11  Zerg Melee Weapons Level 1  
  185  18:15  Drone x2  
  185  18:17  Drone x7  
  194  18:22  Extractor  
  194  18:24  Extractor  
  194  18:25  Extractor  
  194  18:27  Extractor  
  190  18:33  Corruptor  
  190  18:34  Corruptor x4  
  192  18:37  Hatchery  
  189  19:06  Brood Lord  
  189  19:07  Brood Lord x5  
  189  19:08  Brood Lord  
  172  19:24  Brood Lord x2  
  176  19:41  Brood Lord  
  178  19:46  Brood Lord x2  
  165  20:00  Overlord  
  165  20:01  Overlord x2  
  165  20:02  Overseer x3  
  165  20:14  Drone  
  165  20:15  Drone x6  
  168  20:23  Corruptor x9  
  168  20:28  Zergling x16  
  167  20:29  Zergling x20  
  176  20:37  Zergling x16  
  176  20:38  Zergling x2  
  185  20:49  Drone x5, Hatchery  
  185  20:58  Brood Lord  
  185  20:59  Brood Lord x4  
  177  21:15  Zerg Ground Armor Level 3  
  177  21:16  Zerg Missile Weapons Level 3  
  177  21:23  Brood Lord  
  179  21:37  Drone x8  
  179  21:38  Drone, Extractor  
  189  21:40  Drone x3, Extractor  
  189  21:41  Drone x3  
  180  22:00  Hatchery  
  167  22:04  Corruptor  
  167  22:05  Corruptor x8  
  151  22:29  Corruptor x4  
  145  22:30  Corruptor  
  145  22:32  Zergling x2  
  145  22:33  Zergling x16  
  159  22:42  Hatchery  
  159  22:44  Overseer  
  158  22:51  Overseer  
  158  22:57  Corruptor x4  
  136  23:34  Brood Lord x4  
  142  23:45  Brood Lord  
  142  23:46  Drone x5  
  142  23:47  Drone x10  
  151  23:50  Extractor  
  151  23:51  Extractor  
  141  24:10  Hatchery  
  141  24:12  Brood Lord x3  
  146  24:22  Brood Lord  
  148  24:24  Brood Lord  
  134  24:46  Brood Lord x3  
  134  24:52  Drone x9  
  134  24:57  Drone x2  
  134  24:58  Drone, Extractor  
  136  25:09  Zergling x8  
  140  25:20  Zerg Melee Weapons Level 2  
  140  25:25  Hatchery  
  139  25:34  Extractor  
  138  25:37  Extractor  
  138  25:39  Drone x3  
  140  25:43  Mutalisk x13  
  140  25:48  Hatchery  
  165  25:56  Overlord  
  165  25:57  Overlord x6  
  165  26:03  Drone x2  
  167  26:21  Zerg Flyer Armor Level 2, Zerg Flyer Weapons Level 2  
  160  26:40  Mutalisk  
  160  26:41  Mutalisk x13  
  188  26:50  Drone x3  
  191  27:12  Extractor  
  190  27:17  Hatchery  
  190  27:21  Hatchery  
  188  27:37  Roach Warren  
  188  27:40  Hydralisk Den  
  186  27:46  Ultralisk Cavern  
  157  28:19  Overseer x2  
  151  28:34  Mutalisk  
  151  28:35  Mutalisk x23  
  151  28:36  Mutalisk  
  159  29:01  Chitinous Plating  
  159  29:09  Zerg Flyer Weapons Level 3  
  159  29:10  Zerg Flyer Armor Level 3  
  157  29:32  Drone x3  
  160  29:42  Corruptor  
  160  29:43  Corruptor x8  
  164  30:04  Zergling x2  
  164  30:05  Zergling x40  
  123  30:20  Anabolic Synthesis  
  123  30:23  Brood Lord  
  123  30:24  Brood Lord  
  127  30:29  Brood Lord  
  127  30:34  Brood Lord  
  127  30:35  Hatchery  
  130  30:37  Overseer  
  130  30:38  Hatchery  
  130  30:39  Brood Lord  
  130  30:40  Overseer x3, Brood Lord x3  
  130  30:41  Brood Lord  
  139  30:52  Hatchery  
  138  30:59  Drone  
  138  31:00  Drone x3  
  142  31:34  Ultralisk x6  
  178  31:47  Zergling x2  
  178  31:48  Zergling x42  
  164  32:07  Drone  
  164  32:08  Drone x7  
  171  32:14  Drone x3  
  171  32:15  Drone x3  
  178  32:17  Drone x3  
  178  32:19  Drone  
  157  32:42  Overlord  
  157  32:43  Overlord x7  
  143  32:45  Overseer  
  143  32:46  Overseer x5  
  143  32:54  Extractor  
  143  32:55  Drone x3  
  145  33:09  Adrenal Glands  
  145  33:13  Glial Reconstitution  
  145  33:15  Burrow  
  145  33:18  Mutalisk x24  
  193  33:27  Corruptor  
  193  33:28  Corruptor x2  
  199  34:32  Tunneling Claws  
  199  34:56  Zerg Melee Weapons Level 3  
  199  35:10  Overlord x3  
  199  35:11  Overseer  
  199  35:13  Overlord x3  
  199  35:17  Overseer x2  
  199  35:50  Spore Crawler, Overseer  
  199  35:51  Spore Crawler  
  199  35:52  Spore Crawler  
  199  35:53  Spore Crawler  
  199  35:55  Spore Crawler x3, Corruptor  
  199  35:56  Corruptor x3, Spore Crawler x2  
  198  35:57  Spore Crawler  
  198  35:58  Spore Crawler x2, Corruptor  
  198  35:59  Corruptor  
  198  36:00  Spore Crawler x3  
  198  36:01  Spore Crawler  
  198  36:02  Unknown  
  210  36:17  Overlord x2  
  210  36:18  Overlord x2  
  210  36:19  Overseer x8  
  210  36:45  Nydus Network  
  209  38:03  Nydus Canal  
  201  38:33  Nydus Canal  
  201  39:01  Hatchery  
  200  39:10  Overseer  
  200  39:11  Overseer x3  
  200  39:31  Hatchery  
  199  39:48  Brood Lord x3  
  199  40:00  Hatchery  
  199  40:02  Hatchery  
  199  40:04  Hatchery x2, Corruptor  
  199  40:05  Corruptor  
  199  40:08  Hatchery  
  198  40:20  Corruptor x4  
  198  40:21  Corruptor x15  
  196  40:44  Brood Lord  
  196  40:46  Brood Lord x6  
  196  40:47  Brood Lord  
  188  40:52  Brood Lord x7  
  188  40:53  Brood Lord  
  198  41:29  Extractor  
  197  41:33  Extractor  
  196  41:46  Brood Lord  
  194  42:05  Brood Lord x4  
  199  42:16  Overseer  
  193  42:37  Corruptor x3  
  199  43:18  Corruptor x19  
  199  43:19  Corruptor x3  
  199  43:26  Brood Lord x4  
  199  43:27  Brood Lord x4  
  199  43:29  Brood Lord  
  165  44:11  Brood Lord x11  
  147  45:14  Zergling x22  
  147  45:15  Zergling x58  
  147  45:16  Zergling x24  
  147  45:20  Zergling x2  
  187  45:34  Hatchery  
  182  45:40  Corruptor  
  157  45:52  Zergling x2  
  157  45:53  Zergling x54  
  157  45:54  Zergling x10  
  184  46:30  Corruptor  
  178  46:58  Overlord x2  
  165  47:28  Overlord x3  
  165  47:29  Overlord x3  
  130  47:41  Zergling x4  
  130  47:42  Zergling x6  
  125  47:51  Hatchery  
  120  48:05  Drone x3  
  111  49:02  Hatchery  
Tags
 
Add a new tag
Caveats
  • Supply blocks, unpowered buildings, or Contaminate may cause inaccurate times.
  • Supply counts are checked every 10 seconds.